| TOP OF THE 1ST |
|
Fort Wayne TinCaps batting - Pitching for Atlanta (MID) Braves : RHP Iestyn Nicholls
|
|
Pitching: RHP Iestyn Nicholls
|
|
|
Batting: RHB Devon Dill
|
0-0: Called Strike 0-1: Ball 1-1: Ball 2-1: Called Strike 2-2: Ball 3-2: Foul Ball, location: 2F 3-2: Ground out 6-3 (Groundball, 6, EV 91.2 MPH)
|
|
Batting: LHB Dean Luttman
|
0-0: Fly out, F8 (Flyball, 8RD, EV 101.9 MPH)
|
|
Batting: RHB Jim Miske
|
0-0: Fly out, F9 (Flyball, 89S, EV 74.4 MPH)
|
| Top of the 1st over - 0 runs, 0 hits, 0 errors, 0 left on base; Fort Wayne 0 - Atlanta (MID) 0 |
| BOTTOM OF THE 1ST |
|
Atlanta (MID) Braves batting - Pitching for Fort Wayne TinCaps : RHP Mike Schoening
|
|
Pitching: RHP Mike Schoening
|
|
|
Batting: LHB Eric Jackson
|
0-0: Called Strike 0-1: Called Strike 0-2: Fly out, F6 (Popup, 6, EV 75.0 MPH)
|
|
Batting: RHB Nick Holsinger
|
0-0: Ground out 5-3 (Groundball, 56S, EV 78.8 MPH)
|
|
Batting: LHB Tamaichi Sasada
|
0-0: Called Strike 0-1: Fly out, F9 (Flyball, 89M, EV 90.0 MPH)
|
| Bottom of the 1st over - 0 runs, 0 hits, 0 errors, 0 left on base; Fort Wayne 0 - Atlanta (MID) 0 |
| TOP OF THE 2ND |
|
Fort Wayne TinCaps batting - Pitching for Atlanta (MID) Braves : RHP Iestyn Nicholls
|
|
Batting: RHB John Freeman
|
0-0: Called Strike 0-1: Swinging Strike 0-2: Ball 1-2: Strikes out swinging
|
|
Batting: RHB Gary Horgan
|
0-0: Called Strike 0-1: Swinging Strike 0-2: Foul Ball, location: 2F 0-2: Strikes out swinging
|
|
Batting: RHB Dave Cordero
|
0-0: Foul Ball, location: 2F 0-1: Ball 1-1: Ball 2-1: Single, Error in OF, E9, batter to second base (Groundball, 34, EV 101.9 MPH)
|
|
Batting: RHB Bill Vives
|
0-0: Called Strike 0-1: Ball 1-1: Ball 2-1: Ball 3-1: Called Strike 3-2: SINGLE (Groundball, 6MD, EV 100.6 MPH) Dave Cordero to third Runner from 3rd tries for Home, SAFE, throw by CF to home Bill Vives to second
|
|
Batting: RHB Paul Wood
|
0-0: Ball 1-0: Ball 2-0: Ground out 6-3 (Groundball, 6, EV 87.5 MPH)
|
| Top of the 2nd over - 1 run, 2 hits, 1 error, 1 left on base; Fort Wayne 1 - Atlanta (MID) 0 |
| BOTTOM OF THE 2ND |
|
Atlanta (MID) Braves batting - Pitching for Fort Wayne TinCaps : RHP Mike Schoening
|
|
Batting: SHB Brett McEwen
|
0-0: Ball 1-0: Ball 2-0: Ball 3-0: Base on Balls
|
|
Batting: RHB Josh McCormick
|
0-0: Ball 1-0: Ball 2-0: Ball 3-0: Called Strike 3-1: Foul Ball, location: 2F 3-2: Strikes out swinging
|
|
Batting: LHB Luis Cruz
|
0-0: Called Strike 0-1: Called Strike 0-2: Ball 1-2: Fly out, F7 (Line Drive, 7, EV 85.6 MPH)
|
|
Batting: RHB Elias Vences
|
0-0: Foul Ball, location: 2F 0-1: Ball 1-1: Swinging Strike 1-2: Foul Ball, location: 2F 1-2: Foul Ball, location: 2F 1-2: Ball 2-2: Foul Ball, location: 2F 2-2: Strikes out swinging
|
| Bottom of the 2nd over - 0 runs, 0 hits, 0 errors, 1 left on base; Fort Wayne 1 - Atlanta (MID) 0 |
| TOP OF THE 3RD |
|
Fort Wayne TinCaps batting - Pitching for Atlanta (MID) Braves : RHP Iestyn Nicholls
|
|
Batting: RHB Steve Clark
|
0-0: Called Strike 0-1: Ground out 5-3 (Groundball, 56, EV 89.4 MPH)
|
|
Batting: RHB Devon Dill
|
0-0: Ball 1-0: Called Strike 1-1: Swinging Strike 1-2: Foul Ball, location: 2F 1-2: Foul Ball, location: 2F 1-2: Ball 2-2: Ball 3-2: Foul Ball, location: 2F 3-2: DOUBLE (Flyball, 8LXD, EV 102.5 MPH)
|
|
Batting: LHB Dean Luttman
|
0-0: Ground out U3 (Groundball, 3S, EV 79.4 MPH) Devon Dill to third
|
|
Batting: RHB Jim Miske
|
0-0: Ball 1-0: Ball Wild Pitch! Devon Dill scores 2-0: Ball 3-0: Called Strike 3-1: Base on Balls
|
|
Batting: RHB John Freeman
|
0-0: Called Strike 0-1: Foul Ball, location: 2F 0-2: Ball 1-2: Ground out 1-3 (Groundball, 34S, EV 66.9 MPH)
|
| Top of the 3rd over - 1 run, 1 hit, 0 errors, 1 left on base; Fort Wayne 2 - Atlanta (MID) 0 |
| BOTTOM OF THE 3RD |
|
Atlanta (MID) Braves batting - Pitching for Fort Wayne TinCaps : RHP Mike Schoening
|
|
Batting: RHB Alex Campos
|
0-0: SINGLE (Groundball, P, EV 86.2 MPH) (infield hit)
|
|
Batting: RHB Gabe Allen
|
0-0: Ball 1-0: Ball 2-0: SINGLE (Groundball, 6MD, EV 105.0 MPH) Alex Campos to second Runner from 2nd tries for 3rd, SAFE, no throw by CF
|
|
Batting: LHB Eric Jackson
|
0-0: SINGLE (Groundball, 3D, EV 107.5 MPH) Alex Campos scores Gabe Allen to second Runner from 2nd tries for 3rd, SAFE, throw by RF made to third
|
|
Batting: RHB Nick Holsinger
|
0-0: Ball 1-0: Called Strike 1-1: Ball 2-1: Ball 3-1: Called Strike 3-2: Foul Ball, location: 2F 3-2: Foul Ball, location: 2F 3-2: Foul Ball, location: 2F 3-2: Base on Balls Eric Jackson to second
|
|
Batting: LHB Tamaichi Sasada
|
0-0: Ball 1-0: Fly out, F7 (Flyball, 7D, EV 83.8 MPH) Runner from 3rd tags up, OUT at HOME! 7-2 Eric Jackson to third Nick Holsinger to second
|
|
Batting: SHB Brett McEwen
|
0-0: Ball Passed Ball! Eric Jackson scores Nick Holsinger to third 1-0: Ball Wild Pitch! Nick Holsinger scores 2-0: Fly out, F7 (Flyball, 7S, EV 75.0 MPH)
|
| Bottom of the 3rd over - 3 runs, 3 hits, 0 errors, 0 left on base; Fort Wayne 2 - Atlanta (MID) 3 |
| TOP OF THE 4TH |
|
Fort Wayne TinCaps batting - Pitching for Atlanta (MID) Braves : RHP Iestyn Nicholls
|
|
Batting: RHB Gary Horgan
|
0-0: Called Strike 0-1: SINGLE (Groundball, 34D, EV 95.6 MPH)
|
|
Batting: RHB Dave Cordero
|
0-0: Ball 1-0: Ball 2-0: Called Strike 2-1: SINGLE (Groundball, 56D, EV 94.4 MPH) Gary Horgan to second
|
|
Batting: RHB Bill Vives
|
0-0: Called Strike 0-1: Foul Ball, location: 2F 0-2: Ball 1-2: Ground out 5-3 (Groundball, P, EV 80.0 MPH) Gary Horgan to third Dave Cordero to second
|
|
Batting: RHB Paul Wood
|
0-0: Foul Ball, location: 2F 0-1: Called Strike 0-2: Strikes out swinging
|
|
Batting: RHB Steve Clark
|
0-0: Called Strike 0-1: Swinging Strike 0-2: Strikes out swinging
|
| Top of the 4th over - 0 runs, 2 hits, 0 errors, 2 left on base; Fort Wayne 2 - Atlanta (MID) 3 |
| BOTTOM OF THE 4TH |
|
Atlanta (MID) Braves batting - Pitching for Fort Wayne TinCaps : RHP Mike Schoening
|
|
Batting: RHB Josh McCormick
|
0-0: Ball 1-0: Foul Ball, location: 2F 1-1: Ball 2-1: Called Strike 2-2: Foul Ball, location: 2F 2-2: Foul Ball, location: 2F 2-2: Ball 3-2: Strikes out swinging
|
|
Batting: LHB Luis Cruz
|
0-0: Ball 1-0: Ground out U3 (Groundball, 3, EV 83.8 MPH)
|
|
Batting: RHB Elias Vences
|
0-0: Ball 1-0: Ball 2-0: Called Strike 2-1: Ball 3-1: Foul Ball, location: 2F 3-2: Base on Balls
|
|
Batting: RHB Alex Campos
|
0-0: Ball 1-0: SINGLE (Groundball, 5S, EV 68.1 MPH) (infield hit) Elias Vences to second
|
|
Batting: RHB Gabe Allen
|
0-0: Called Strike 0-1: Called Strike 0-2: Strikes out swinging
|
| Bottom of the 4th over - 0 runs, 1 hit, 0 errors, 2 left on base; Fort Wayne 2 - Atlanta (MID) 3 |
| TOP OF THE 5TH |
|
Fort Wayne TinCaps batting - Pitching for Atlanta (MID) Braves : RHP Iestyn Nicholls
|
|
Batting: RHB Devon Dill
|
0-0: SINGLE (Groundball, 4D, EV 110.6 MPH)
|
|
Batting: LHB Dean Luttman
|
0-0: Ball Devon Dill steals 2nd base 1-0: Ball 2-0: Called Strike 2-1: Called Strike 2-2: Foul Ball, location: 2F 2-2: Ball 3-2: Strikes out swinging
|
|
Batting: RHB Jim Miske
|
0-0: Ball 1-0: Ball 2-0: Swinging Strike 2-1: Called Strike 2-2: Ball 3-2: Foul Ball, location: 2F 3-2: Foul Ball, location: 2F 3-2: Ground out U3 (Groundball, 3L, EV 106.9 MPH) Devon Dill to third
|
|
Batting: RHB John Freeman
|
0-0: Called Strike 0-1: Ball 1-1: Ball 2-1: Foul Ball, location: 2F 2-2: Strikes out swinging
|
| Top of the 5th over - 0 runs, 1 hit, 0 errors, 1 left on base; Fort Wayne 2 - Atlanta (MID) 3 |
| BOTTOM OF THE 5TH |
|
Atlanta (MID) Braves batting - Pitching for Fort Wayne TinCaps : RHP Mike Schoening
|
|
Batting: LHB Eric Jackson
|
0-0: Ball 1-0: Foul Ball, location: 2F 1-1: Foul Ball, location: 2F 1-2: Strikes out looking
|
|
Batting: RHB Nick Holsinger
|
0-0: Ball 1-0: Ball 2-0: SINGLE (Groundball, 4MD, EV 103.1 MPH)
|
|
Batting: LHB Tamaichi Sasada
|
0-0: Called Strike 0-1: Reached on error, E2 (Groundball, 13S, EV 72.5 MPH) Nick Holsinger to second
|
|
Batting: SHB Brett McEwen
|
0-0: Fly out, F4 (Popup, 4D, EV 52.5 MPH)
|
|
Batting: RHB Josh McCormick
|
0-0: Foul Ball, location: 2F 0-1: Ball Wild Pitch! Nick Holsinger to third Tamaichi Sasada to second 1-1: Ball 2-1: Ball 3-1: 3-RUN HOME RUN (Flyball, 78XD, EV 98.1 MPH), Distance : 415 ft
|
|
Pitching: RHP Jason Inman
|
|
|
Batting: LHB Luis Cruz
|
0-0: Called Strike 0-1: Called Strike 0-2: Strikes out swinging
|
| Bottom of the 5th over - 3 runs, 2 hits, 1 error, 0 left on base; Fort Wayne 2 - Atlanta (MID) 6 |
| TOP OF THE 6TH |
|
Fort Wayne TinCaps batting - Pitching for Atlanta (MID) Braves : RHP Iestyn Nicholls
|
|
Pitching: RHP Jeremy Armstrong
|
|
|
Batting: RHB Gary Horgan
|
0-0: Swinging Strike 0-1: Ball 1-1: Swinging Strike 1-2: Foul Ball, location: 2F 1-2: Ball 2-2: Ball 3-2: Foul Ball, location: 2F 3-2: Base on Balls
|
|
Batting: RHB Dave Cordero
|
0-0: Ball 1-0: Ball Gary Horgan steals 2nd base 2-0: Ball 3-0: Called Strike 3-1: SINGLE (Groundball, 5S, EV 73.1 MPH) (infield hit) Gary Horgan to third
|
|
Batting: RHB Bill Vives
|
0-0: Called Strike 0-1: Called Strike 0-2: Ball 1-2: Ball 2-2: Grounds into double play, 5-4-3 (Groundball, 56, EV 90.0 MPH) Gary Horgan scores
|
|
Batting: RHB Paul Wood
|
0-0: Ball 1-0: Ball 2-0: Called Strike 2-1: Called Strike 2-2: Ball 3-2: Ground out 5-3 (Groundball, 15, EV 81.9 MPH)
|
| Top of the 6th over - 1 run, 1 hit, 0 errors, 0 left on base; Fort Wayne 3 - Atlanta (MID) 6 |
| BOTTOM OF THE 6TH |
|
Atlanta (MID) Braves batting - Pitching for Fort Wayne TinCaps : RHP Jason Inman
|
|
Batting: RHB Elias Vences
|
0-0: Called Strike 0-1: Ball 1-1: Called Strike 1-2: Ball 2-2: Fly out, F8 (Flyball, 8RM, EV 95.6 MPH)
|
|
Batting: RHB Alex Campos
|
0-0: Swinging Strike 0-1: Foul Ball, location: 2F 0-2: Strikes out swinging
|
|
Batting: RHB Gabe Allen
|
0-0: Foul Ball, location: 2F 0-1: Swinging Strike 0-2: Ball 1-2: Foul Ball, location: 2F 1-2: Ball 2-2: Strikes out swinging
|
| Bottom of the 6th over - 0 runs, 0 hits, 0 errors, 0 left on base; Fort Wayne 3 - Atlanta (MID) 6 |
| TOP OF THE 7TH |
|
Fort Wayne TinCaps batting - Pitching for Atlanta (MID) Braves : RHP Jeremy Armstrong
|
|
Pitching: LHP Darius Brown
|
|
|
Batting: RHB Steve Clark
|
0-0: Foul Ball, location: 2F 0-1: Foul Ball, location: 2F 0-2: Ball 1-2: Strikes out looking
|
|
Batting: RHB Devon Dill
|
0-0: Ball 1-0: Called Strike 1-1: Called Strike 1-2: Ground out U3 (Groundball, 3, EV 86.9 MPH)
|
|
Pinch Hitting: RHB Cesar Ortega
|
0-0: Ball 1-0: Called Strike 1-1: Ball 2-1: Ball 3-1: Foul Ball, location: 2F 3-2: Foul Ball, location: 2F 3-2: Ground out 6-3 (Groundball, 6, EV 77.5 MPH)
|
| Top of the 7th over - 0 runs, 0 hits, 0 errors, 0 left on base; Fort Wayne 3 - Atlanta (MID) 6 |
| BOTTOM OF THE 7TH |
|
Atlanta (MID) Braves batting - Pitching for Fort Wayne TinCaps : RHP Jason Inman
|
|
Now at 1B: Dave Cordero
|
|
|
Now at 2B: Cesar Ortega
|
|
|
Batting: LHB Eric Jackson
|
0-0: Swinging Strike 0-1: Ball 1-1: Foul Ball, location: 2F 1-2: Strikes out looking
|
|
Batting: RHB Nick Holsinger
|
0-0: Ball 1-0: Foul Ball, location: 2F 1-1: Ball 2-1: Ball 3-1: Foul Ball, location: 2F 3-2: DOUBLE (Line Drive, 78M, EV 94.4 MPH)
|
|
Batting: LHB Tamaichi Sasada
|
0-0: Foul Ball, location: 2F 0-1: Fly out, F8 (Flyball, 8LD, EV 93.8 MPH)
|
|
Batting: SHB Brett McEwen
|
0-0: Ball 1-0: Foul Ball, location: 2F 1-1: Ball 2-1: Foul Ball, location: 2F 2-2: Ball 3-2: Ground out 1-3 (Groundball, 15S, EV 73.8 MPH)
|
| Bottom of the 7th over - 0 runs, 1 hit, 0 errors, 1 left on base; Fort Wayne 3 - Atlanta (MID) 6 |
| TOP OF THE 8TH |
|
Fort Wayne TinCaps batting - Pitching for Atlanta (MID) Braves : LHP Darius Brown
|
|
Now at 1B: Nick Holsinger
|
|
|
Now at 2B: George Provance
|
|
|
Batting: RHB Jim Miske
|
0-0: Ball 1-0: Foul Ball, location: 2F 1-1: Called Strike 1-2: Foul Ball, location: 2F 1-2: Foul Ball, location: 2F 1-2: Ground out 6-3 (Groundball, 6M, EV 95.0 MPH)
|
|
Batting: RHB John Freeman
|
0-0: SINGLE (Groundball, 6MS, EV 65.6 MPH) (infield hit)
|
|
Batting: RHB Gary Horgan
|
0-0: Fly out, F7 (Flyball, 7, EV 90.6 MPH)
|
|
Batting: RHB Dave Cordero
|
0-0: Fielders Choice at 2nd, U4 (Groundball, 4M, EV 101.9 MPH)
|
| Top of the 8th over - 0 runs, 1 hit, 0 errors, 1 left on base; Fort Wayne 3 - Atlanta (MID) 6 |
| BOTTOM OF THE 8TH |
|
Atlanta (MID) Braves batting - Pitching for Fort Wayne TinCaps : RHP Jason Inman
|
|
Pitching: RHP Wayne Kerrick
|
|
|
Batting: RHB Josh McCormick
|
0-0: Called Strike 0-1: Ball 1-1: Swinging Strike 1-2: Foul Ball, location: 2F 1-2: Fly out, F5 (Popup, 5F, EV 73.8 MPH)
|
|
Batting: LHB Luis Cruz
|
0-0: Foul Ball, location: 2F 0-1: Foul Ball, location: 2F 0-2: Ground out U3 (Groundball, 3L, EV 82.5 MPH)
|
|
Batting: RHB Elias Vences
|
0-0: Called Strike 0-1: Hit by Pitch
|
|
Batting: RHB Alex Campos
|
0-0: Called Strike Elias Vences is caught stealing 2nd base 2-4
|
| Bottom of the 8th over - 0 runs, 0 hits, 0 errors, 0 left on base; Fort Wayne 3 - Atlanta (MID) 6 |
| TOP OF THE 9TH |
|
Fort Wayne TinCaps batting - Pitching for Atlanta (MID) Braves : LHP Darius Brown
|
|
Pitching: LHP Tyler Portier
|
|
|
Batting: RHB Bill Vives
|
0-0: Called Strike 0-1: Called Strike 0-2: Strikes out swinging
|
|
Batting: RHB Paul Wood
|
0-0: Foul Ball, location: 2F 0-1: Foul Ball, location: 2F 0-2: Fly out, F9 (Flyball, 9D, EV 90.6 MPH)
|
|
Batting: RHB Steve Clark
|
0-0: Foul Ball, location: 2F 0-1: Ground out 4-3 (Groundball, 4, EV 80.0 MPH)
|
| Top of the 9th over - 0 runs, 0 hits, 0 errors, 0 left on base; Fort Wayne 3 - Atlanta (MID) 6 |
|